Canucks vs MapleLeafs

Created - 30 mars 2018 at 00:45

Goals
1 2 3 T
Canucks 2 0 1 3
MapleLeafs 1 0 0 1
Shots
1 2 3 T
Canucks 8 13 10 31
MapleLeafs 6 8 5 19

1st period

1. Canucks , Jonathan Marchessault 32 (Adam Henrique 38, Cody Ceci 19) at 9:13
2. MapleLeafs , Tanner Glass 10 (Cody Franson 18, Frederick Gaudreau 5) at 10:09
3. Canucks , Brayden Point 9 (Alex Pietrangelo 41) at 11:59

Penalties :
Tanner Glass (TOR) for Tripping (Minor) at 18:40

2nd period

No Goal

Penalties :
Jason Chimera (TOR) for Goalie Interference (Minor) at 9:15, Cody Franson (TOR) for Roughing (Minor) at 11:24

3rd period

4. Canucks , Mattias Ekholm 4 (Cody Ceci 20, Adam Henrique 39) at 2:01 (PP)

Penalties :
Radko Gudas (TOR) for Holding (Minor) at 1:02, Radko Gudas (TOR) for Delaying the game (Minor) at 18:58

Goalie Stats

Petr Mrazek (VAN), 18 saves from 19 shots - (0.947), W, 7-8-0, 60:00 minutes
Marc-Andre Fleury (TOR), 28 saves from 31 shots - (0.903), L, 21-33-8, 60:00 minutes

Players Stats for Canucks

Player Name              G  A  P  +/- PIM S  H  SB GA TA FO     MP     PP MP  PK MP  
------------------------------------------------------------------------------------
Adam Henrique            0  2  2   1  0   5  1  0  0  0  14/24  18:25   3:04   0:00 
Alex Petrovic            0  0  0   0  0   1  0  1  0  0  0/0    13:26   0:00   0:00 
Alex Pietrangelo         0  1  1   1  0   3  4  1  0  0  0/0    24:30   4:02   0:00 
Brayden Point            1  0  1   0  0   2  0  0  0  0  4/7    12:19   0:00   0:00 
Chris Kreider            0  0  0   1  0   5  2  0  0  0  0/0    18:07   2:46   0:00 
Cody Ceci                0  2  2   0  0   0  0  1  0  0  0/0    22:04   3:55   0:00 
Erik Karlsson            0  0  0   1  0   2  0  0  0  0  0/0    24:30   4:02   0:00 
Evander Kane             0  0  0   0  0   0  2  0  0  0  2/2    12:37   0:18   0:00 
Evgeny Kuznetsov         0  0  0   0  0   0  3  0  0  0  17/30  22:21   4:53   0:00 
Jonathan Marchessault    1  0  1   1  0   3  0  0  0  0  1/1    18:07   2:46   0:00 
Logan Shaw               0  0  0   0  0   2  2  0  0  0  0/1     6:55   0:00   0:00 
Marcus Kruger            0  0  0   0  0   1  0  0  0  0  6/10    6:55   0:00   0:00 
Matt Duchene             0  0  0   0  0   3  2  0  0  0  0/0    22:21   4:53   0:00 
Mattias Ekholm           1  0  1   0  0   1  0  3  0  0  0/0    22:04   3:55   0:00 
Nathan Beaulieu          0  0  0   0  0   0  0  2  0  0  0/0    13:26   0:00   0:00 
Patrick Marleau          0  0  0   0  0   0  2  0  0  0  1/1    22:21   4:53   0:00 
Robby Fabbri             0  0  0   0  0   3  0  0  0  0  0/0     6:55   0:00   0:00 
Ryan Strome              0  0  0   0  0   0  0  0  0  0  0/0    12:37   0:18   0:00 

Players Stats for MapleLeafs

Player Name              G  A  P  +/- PIM S  H  SB GA TA FO     MP     PP MP  PK MP  
------------------------------------------------------------------------------------
Antoine Roussel          0  0  0  -1  0   2  3  0  0  0  0/0    17:34   0:00   1:26 
Beau Bennett             0  0  0  -1  0   1  0  0  0  0  1/7    17:29   0:00   1:50 
Brandon Montour          0  0  0   0  0   0  0  0  0  0  0/0     7:34   0:00   0:00 
Brian Strait             0  0  0   0  0   0  0  0  0  0  0/0     1:50   0:00   0:00 
Cody Franson             0  1  1   1  2   0  1  1  0  0  0/0    14:13   0:00   0:00 
Craig Smith              0  0  0  -1  0   1  0  0  0  0  1/2    17:44   0:00   0:00 
Dmitry Kulikov           0  0  0   1  0   0  0  1  0  0  0/0    15:45   0:00   1:31 
Frederick Gaudreau       0  1  1   1  0   1  0  0  0  0  0/1    18:37   0:00   1:05 
Ivan Barbashev           0  0  0  -1  0   0  2  1  0  0  9/17   18:41   0:00   2:33 
Jason Chimera            0  0  0  -1  2   1  0  0  0  0  0/2    21:09   0:00   4:00 
Jason Demers             0  0  0  -1  0   2  0  1  0  0  0/0    18:57   0:00   3:50 
Karl Alzner              0  0  0  -1  0   0  0  1  0  0  0/0    20:07   0:00   4:01 
Nazem Kadri              0  0  0  -1  0   1  2  0  0  0  14/31  22:14   0:00   4:19 
Peter Holland            0  0  0   1  0   5  1  0  0  0  6/15   17:46   0:00   0:41 
Radko Gudas              0  0  0  -1  4   3  5  1  0  0  0/0    18:46   0:00   2:42 
Tanner Glass             1  0  1   1  2   2  6  0  0  0  0/1    17:14   0:00   0:00 
Travis Hamonic           0  0  0  -1  0   0  0  0  0  0  0/0    18:57   0:00   3:50 
Zach Bogosian            0  0  0   0  0   0  0  0  0  0  0/0     7:21   0:00   0:00 

3 Stars

1 - Adam Henrique (VAN)
2 - Alex Pietrangelo (VAN)
3 - Jonathan Marchessault (VAN)

Power Play

Canucks - 1 on 5 Attempt(s) - 20.00%
MapleLeafs - 0 on 0 Attempt(s) - 0.00%

Penalty Kill

Canucks - 0 on 0 Attempt(s) - 0.00% - Score 0 goal in Penalty Kill
MapleLeafs - 4 on 5 Attempt(s) - 80.00% - Score 0 goal in Penalty Kill

Team Stat

Canucks - Hits : 18 - Faceoff Wins : 45 - Blocked Shots : 8 - Penalty Minutes : 0
MapleLeafs - Hits : 20 - Faceoff Wins : 31 - Blocked Shots : 6 - Penalty Minutes : 10

Official

Referees : Francois StLaurent and Dave Lewis
Linesman : Brad Kovachik and Tony Sericolo

Game Notes

No Game Note

Finance

Level 1 -- Attendance: 4658 (71.66%) -- Ticket Income 535 670 $
Level 2 -- Attendance: 4678 (93.56%) -- Ticket Income 374 240 $
Level 3 -- Attendance: 2430 (69.43%) -- Ticket Income 170 100 $
Level 4 -- Attendance: 2080 (73.79%) -- Ticket Income 93 600 $
Luxury Box -- Attendance: 860 (86.00%) -- Ticket Income 193 500 $
Game was played at the Air Canada Center.
Total Attendance: 14706 (78.14%)
Total Ticket Income: 1 367 110 $
Other Income: 205 066 $
Total Income: 1 572 176 $

% Time on Ice - Canucks

Lines # - Real PCT - Wanted PCT - Time Play
Normal Forward
1 - 34% - 37% - 17:28
2 - 29% - 32% - 15:21
3 - 24% - 20% - 12:19
4 - 13% - 11% - 6:55
Normal Defense
1 - 39% - 40% - 20:28
2 - 35% - 35% - 18:09
3 - 26% - 25% - 13:26
4 - 0% - 0% - 0:00
PP Forward
1 - 61% - 60% - 4:53
2 - 39% - 40% - 3:04
PP Defense
1 - 51% - 60% - 4:02
2 - 49% - 40% - 3:55
PK Forward
1 - 0% - 60%
2 - 0% - 40%
PK Defense
1 - 0% - 60%
2 - 0% - 40%
PK3 Forward
1 - 0% - 60%
2 - 0% - 40%
PK3 Defense
1 - 0% - 60%
2 - 0% - 40%
44 Forward
1 - 0% - 60%
2 - 0% - 40%
44 Defense
1 - 0% - 60%
2 - 0% - 40%
Last Minute Offensive  - 0:00
Last Minute Defensive  - 0:00
Total
Forward - 60:00
Defense - 60:00

% Time on Ice - MapleLeafs

Lines # - Real PCT - Wanted PCT - Time Play
Normal Forward
1 - 25% - 35% - 13:05
2 - 30% - 32% - 15:33
3 - 34% - 25% - 17:50
4 - 11% - 8% - 5:35
Normal Defense
1 - 29% - 36% - 15:21
2 - 29% - 34% - 15:07
3 - 27% - 30% - 14:14
4 - 14% - 0% - 7:21
PP Forward
1 - 0% - 60%
2 - 0% - 40%
PP Defense
1 - 0% - 60%
2 - 0% - 40%
PK Forward
1 - 77% - 60% - 6:07
2 - 23% - 40% - 1:50
PK Defense
1 - 52% - 60% - 4:07
2 - 48% - 40% - 3:50
PK3 Forward
1 - 0% - 60%
2 - 0% - 40%
PK3 Defense
1 - 0% - 60%
2 - 0% - 40%
44 Forward
1 - 0% - 60%
2 - 0% - 40%
44 Defense
1 - 0% - 60%
2 - 0% - 40%
Last Minute Offensive  - 0:00
Last Minute Defensive  - 0:00
Total
Forward - 60:00
Defense - 60:00

Play by Play

1st period


0:01 of 1st period - Evgeny Kuznetsov wins face-off versus Beau Bennett in neutral zone.
0:20 of 1st period - Jason Chimera is hit by Alex Pietrangelo and loses puck.
1:01 of 1st period - Icing by Erik Karlsson.
1:02 of 1st period - Ivan Barbashev wins face-off versus Evgeny Kuznetsov in Canucks zone.
2:42 of 1st period - Shot by Tanner Glass.
2:42 of 1st period - Deflect By Peter Holland.
2:42 of 1st period - Shot Misses the Net.
3:03 of 1st period - Icing by Evander Kane.
3:04 of 1st period - Evander Kane wins face-off versus Beau Bennett in Canucks zone.
3:04 of 1st period - Alex Petrovic is hit by Radko Gudas and loses puck.
3:40 of 1st period - Robby Fabbri is hit by Radko Gudas and loses puck.
3:46 of 1st period - Icing by Radko Gudas.
3:47 of 1st period - Nazem Kadri wins face-off versus Adam Henrique in MapleLeafs zone.
4:04 of 1st period - Shot by Jonathan Marchessault.
4:04 of 1st period - Stopped by Marc-Andre Fleury with a rebound.
4:25 of 1st period - Shot by Tanner Glass.
4:25 of 1st period - Stopped by Petr Mrazek without a rebound.
4:26 of 1st period - Evgeny Kuznetsov wins face-off versus Ivan Barbashev in Canucks zone.
4:32 of 1st period - Patrick Marleau is hit by Antoine Roussel and loses puck.
4:41 of 1st period - Shot by Matt Duchene.
4:41 of 1st period - Stopped by Marc-Andre Fleury without a rebound.
4:42 of 1st period - Ivan Barbashev wins face-off versus Brayden Point in MapleLeafs zone.
4:51 of 1st period - Shot by Antoine Roussel.
4:51 of 1st period - Shot Misses the Net.
5:16 of 1st period - Off-side.
5:17 of 1st period - Adam Henrique wins face-off versus Peter Holland in neutral zone.
6:01 of 1st period - Off-side.
6:02 of 1st period - Nazem Kadri wins face-off versus Evgeny Kuznetsov in neutral zone.
6:23 of 1st period - Icing by Nazem Kadri.
6:24 of 1st period - Marcus Kruger wins face-off versus Nazem Kadri in MapleLeafs zone.
6:29 of 1st period - Shot by Logan Shaw.
6:29 of 1st period - Shot Blocked by Karl Alzner.
7:01 of 1st period - Shot by Antoine Roussel.
7:01 of 1st period - Stopped by Petr Mrazek without a rebound.
7:02 of 1st period - Evgeny Kuznetsov wins face-off versus Peter Holland in Canucks zone.
7:06 of 1st period - Off-side.
7:07 of 1st period - Evgeny Kuznetsov wins face-off versus Ivan Barbashev in neutral zone.
7:09 of 1st period - Erik Karlsson is hit by Antoine Roussel and loses puck.
7:36 of 1st period - Shot by Ivan Barbashev.
7:36 of 1st period - Shot Misses the Net.
8:22 of 1st period - Shot by Peter Holland.
8:22 of 1st period - Shot Misses the Net.
9:13 of 1st period - Shot by Adam Henrique.
9:13 of 1st period - Deflect By Jonathan Marchessault.
9:13 of 1st period - Goal by Jonathan Marchessault - Canucks : 1 - MapleLeafs : 0.
9:14 of 1st period - Brayden Point wins face-off versus Ivan Barbashev in neutral zone.
9:27 of 1st period - Shot by Craig Smith.
9:27 of 1st period - Shot Misses the Net.
9:58 of 1st period - Cody Ceci is hit by Tanner Glass and loses puck.
10:05 of 1st period - Shot by Tanner Glass.
10:05 of 1st period - Shot Blocked by Cody Ceci.
10:07 of 1st period - Shot by Cody Franson.
10:07 of 1st period - Shot Misses the Net.
10:09 of 1st period - Shot by Tanner Glass.
10:09 of 1st period - Goal by Tanner Glass - Canucks : 1 - MapleLeafs : 1.
10:10 of 1st period - Nazem Kadri wins face-off versus Adam Henrique in neutral zone.
10:15 of 1st period - Shot by Jason Chimera.
10:15 of 1st period - Stopped by Petr Mrazek without a rebound.
10:16 of 1st period - Peter Holland wins face-off versus Adam Henrique in Canucks zone.
11:24 of 1st period - Shot by Robby Fabbri.
11:24 of 1st period - Stopped by Marc-Andre Fleury with a rebound.
11:38 of 1st period - Shot by Logan Shaw.
11:38 of 1st period - Shot Blocked by Ivan Barbashev.
11:54 of 1st period - Craig Smith is hit by Evander Kane and loses puck.
11:59 of 1st period - Shot by Brayden Point.
11:59 of 1st period - Goal by Brayden Point - Canucks : 2 - MapleLeafs : 1.
12:00 of 1st period - Brayden Point wins face-off versus Peter Holland in neutral zone.
12:19 of 1st period - Shot by Evander Kane.
12:19 of 1st period - Shot Misses the Net.
12:23 of 1st period - Shot by Brayden Point.
12:23 of 1st period - Stopped by Marc-Andre Fleury without a rebound.
12:24 of 1st period - Ivan Barbashev wins face-off versus Evgeny Kuznetsov in MapleLeafs zone.
12:31 of 1st period - Shot by Craig Smith.
12:31 of 1st period - Shot Blocked by Mattias Ekholm.
12:33 of 1st period - Shot by Jason Demers.
12:33 of 1st period - Shot Misses the Net.
12:57 of 1st period - Travis Hamonic is hit by Matt Duchene and loses puck.
13:20 of 1st period - Icing by Alex Pietrangelo.
13:21 of 1st period - Adam Henrique wins face-off versus Beau Bennett in Canucks zone.
13:28 of 1st period - Icing by Dmitry Kulikov.
13:29 of 1st period - Nazem Kadri wins face-off versus Marcus Kruger in MapleLeafs zone.
13:29 of 1st period - Nazem Kadri is hit by Logan Shaw.
13:50 of 1st period - Shot by Robby Fabbri.
13:50 of 1st period - Shot Blocked by Cody Franson.
13:52 of 1st period - Shot by Alex Petrovic.
13:52 of 1st period - Stopped by Marc-Andre Fleury without a rebound.
13:53 of 1st period - Jonathan Marchessault wins face-off versus Peter Holland in MapleLeafs zone.
14:00 of 1st period - Shot by Chris Kreider.
14:00 of 1st period - Stopped by Marc-Andre Fleury with a rebound.
14:07 of 1st period - Icing by Radko Gudas.
14:08 of 1st period - Patrick Marleau wins face-off versus Tanner Glass in MapleLeafs zone.
15:50 of 1st period - Antoine Roussel is hit by Chris Kreider and loses puck.
16:50 of 1st period - Shot by Ryan Strome.
16:50 of 1st period - Deflect By Evander Kane.
16:50 of 1st period - Shot Blocked by Radko Gudas.
16:53 of 1st period - Icing by Karl Alzner.
16:54 of 1st period - Peter Holland wins face-off versus Marcus Kruger in MapleLeafs zone.
16:58 of 1st period - Off-side.
16:59 of 1st period - Marcus Kruger wins face-off versus Ivan Barbashev in neutral zone.
17:59 of 1st period - Ryan Strome is hit by Tanner Glass and loses puck.
18:06 of 1st period - Shot by Peter Holland.
18:06 of 1st period - Stopped by Petr Mrazek with a rebound.
18:08 of 1st period - Shot by Peter Holland.
18:08 of 1st period - Shot Blocked by Nathan Beaulieu.
18:10 of 1st period - Shot by Tanner Glass.
18:10 of 1st period - Shot Blocked by Nathan Beaulieu.
18:40 of 1st period - Minor Penalty to Tanner Glass for Tripping.
18:41 of 1st period - Nazem Kadri wins face-off versus Evgeny Kuznetsov in MapleLeafs zone.
18:47 of 1st period - Icing by Erik Karlsson.
18:48 of 1st period - Nazem Kadri wins face-off versus Evgeny Kuznetsov in Canucks zone.
19:30 of 1st period - Icing by Evgeny Kuznetsov.
19:31 of 1st period - Beau Bennett wins face-off versus Evgeny Kuznetsov in Canucks zone.
19:32 of 1st period - Shot by Jason Demers.
19:32 of 1st period - Stopped by Petr Mrazek without a rebound.
19:33 of 1st period - Adam Henrique wins face-off versus Nazem Kadri in Canucks zone.
Goals for this period are 2 for Canucks vs 1 for MapleLeafs.
Shots for this period are 8 for Canucks vs 6 for MapleLeafs.

2nd period


0:01 of 2nd period - Evgeny Kuznetsov wins face-off versus Jason Chimera in neutral zone.
0:28 of 2nd period - Karl Alzner is hit by Patrick Marleau.
0:51 of 2nd period - Shot by Peter Holland.
0:51 of 2nd period - Stopped by Petr Mrazek without a rebound.
0:52 of 2nd period - Brayden Point wins face-off versus Ivan Barbashev in Canucks zone.
1:58 of 2nd period - Alex Pietrangelo is hit by Tanner Glass and loses puck.
2:45 of 2nd period - Icing by Dmitry Kulikov.
2:46 of 2nd period - Marcus Kruger wins face-off versus Frederick Gaudreau in MapleLeafs zone.
2:49 of 2nd period - Shot by Logan Shaw.
2:49 of 2nd period - Stopped by Marc-Andre Fleury without a rebound.
2:50 of 2nd period - Evgeny Kuznetsov wins face-off versus Nazem Kadri in MapleLeafs zone.
3:15 of 2nd period - Shot by Beau Bennett.
3:15 of 2nd period - Stopped by Petr Mrazek without a rebound.
3:16 of 2nd period - Marcus Kruger wins face-off versus Craig Smith in Canucks zone.
3:16 of 2nd period - Marcus Kruger is hit by Ivan Barbashev.
3:31 of 2nd period - Shot by Marcus Kruger.
3:31 of 2nd period - Stopped by Marc-Andre Fleury without a rebound.
3:32 of 2nd period - Nazem Kadri wins face-off versus Adam Henrique in MapleLeafs zone.
3:47 of 2nd period - Shot by Chris Kreider.
3:47 of 2nd period - Stopped by Marc-Andre Fleury without a rebound.
3:48 of 2nd period - Evgeny Kuznetsov wins face-off versus Ivan Barbashev in MapleLeafs zone.
4:05 of 2nd period - Shot by Radko Gudas.
4:05 of 2nd period - Stopped by Petr Mrazek with a rebound.
4:07 of 2nd period - Shot by Radko Gudas.
4:07 of 2nd period - Stopped by Petr Mrazek without a rebound.
4:08 of 2nd period - Adam Henrique wins face-off versus Nazem Kadri in Canucks zone.
4:08 of 2nd period - Adam Henrique is hit by Nazem Kadri.
4:14 of 2nd period - Shot by Chris Kreider.
4:14 of 2nd period - Shot Misses the Net.
4:16 of 2nd period - Shot by Adam Henrique.
4:16 of 2nd period - Stopped by Marc-Andre Fleury without a rebound.
4:17 of 2nd period - Peter Holland wins face-off versus Evgeny Kuznetsov in MapleLeafs zone.
4:17 of 2nd period - Peter Holland is hit by Matt Duchene.
4:41 of 2nd period - Shot by Evgeny Kuznetsov.
4:41 of 2nd period - Deflect By Matt Duchene.
4:41 of 2nd period - Shot Hit the Post.
4:43 of 2nd period - Shot by Alex Pietrangelo.
4:43 of 2nd period - Stopped by Marc-Andre Fleury without a rebound.
4:44 of 2nd period - Adam Henrique wins face-off versus Nazem Kadri in MapleLeafs zone.
4:49 of 2nd period - Shot by Chris Kreider.
4:49 of 2nd period - Shot Misses the Net.
5:07 of 2nd period - Shot by Nazem Kadri.
5:07 of 2nd period - Shot Misses the Net.
5:43 of 2nd period - Matt Duchene is hit by Antoine Roussel and loses puck.
7:38 of 2nd period - Icing by Cody Ceci.
7:39 of 2nd period - Peter Holland wins face-off versus Logan Shaw in Canucks zone.
7:52 of 2nd period - Shot by Peter Holland.
7:52 of 2nd period - Stopped by Petr Mrazek without a rebound.
7:53 of 2nd period - Ivan Barbashev wins face-off versus Evgeny Kuznetsov in Canucks zone.
8:08 of 2nd period - Radko Gudas is hit by Evgeny Kuznetsov and loses puck.
8:16 of 2nd period - Off-side.
8:17 of 2nd period - Adam Henrique wins face-off versus Peter Holland in neutral zone.
8:42 of 2nd period - Shot by Tanner Glass.
8:42 of 2nd period - Deflect By Peter Holland.
8:42 of 2nd period - Shot Misses the Net.
8:44 of 2nd period - Shot by Jason Demers.
8:44 of 2nd period - Stopped by Petr Mrazek without a rebound.
8:45 of 2nd period - Evgeny Kuznetsov wins face-off versus Nazem Kadri in Canucks zone.
9:15 of 2nd period - Minor Penalty to Jason Chimera for Goalie Interference.
9:16 of 2nd period - Adam Henrique wins face-off versus Nazem Kadri in MapleLeafs zone.
9:17 of 2nd period - Shot by Chris Kreider.
9:17 of 2nd period - Stopped by Marc-Andre Fleury without a rebound.
9:18 of 2nd period - Adam Henrique wins face-off versus Nazem Kadri in MapleLeafs zone.
11:09 of 2nd period - Shot by Chris Kreider.
11:09 of 2nd period - Stopped by Marc-Andre Fleury without a rebound.
11:10 of 2nd period - Nazem Kadri wins face-off versus Adam Henrique in MapleLeafs zone.
11:24 of 2nd period - Minor Penalty to Cody Franson for Roughing.
11:25 of 2nd period - Adam Henrique wins face-off versus Nazem Kadri in MapleLeafs zone.
11:43 of 2nd period - Shot by Erik Karlsson.
11:43 of 2nd period - Stopped by Marc-Andre Fleury with a rebound.
12:11 of 2nd period - Jason Demers is hit by Evgeny Kuznetsov and loses puck.
12:56 of 2nd period - Shot by Alex Pietrangelo.
12:56 of 2nd period - Stopped by Marc-Andre Fleury without a rebound.
12:57 of 2nd period - Nazem Kadri wins face-off versus Adam Henrique in MapleLeafs zone.
13:08 of 2nd period - Shot by Chris Kreider.
13:08 of 2nd period - Deflect By Adam Henrique.
13:08 of 2nd period - Stopped by Marc-Andre Fleury without a rebound.
13:09 of 2nd period - Evgeny Kuznetsov wins face-off versus Nazem Kadri in MapleLeafs zone.
13:10 of 2nd period - Shot by Alex Pietrangelo.
13:10 of 2nd period - Stopped by Marc-Andre Fleury without a rebound.
13:11 of 2nd period - Evgeny Kuznetsov wins face-off versus Nazem Kadri in MapleLeafs zone.
13:45 of 2nd period - Nathan Beaulieu is hit by Tanner Glass and loses puck.
13:52 of 2nd period - Shot by Frederick Gaudreau.
13:52 of 2nd period - Stopped by Petr Mrazek without a rebound.
13:53 of 2nd period - Ivan Barbashev wins face-off versus Marcus Kruger in Canucks zone.
14:11 of 2nd period - Shot by Craig Smith.
14:11 of 2nd period - Shot Blocked by Mattias Ekholm.
14:13 of 2nd period - Shot by Ivan Barbashev.
14:13 of 2nd period - Shot Blocked by Mattias Ekholm.
14:15 of 2nd period - Shot by Radko Gudas.
14:15 of 2nd period - Stopped by Petr Mrazek without a rebound.
14:16 of 2nd period - Adam Henrique wins face-off versus Nazem Kadri in Canucks zone.
14:51 of 2nd period - Shot by Jonathan Marchessault.
14:51 of 2nd period - Stopped by Marc-Andre Fleury without a rebound.
14:52 of 2nd period - Ivan Barbashev wins face-off versus Evgeny Kuznetsov in MapleLeafs zone.
15:03 of 2nd period - Shot by Ivan Barbashev.
15:03 of 2nd period - Shot Misses the Net.
15:33 of 2nd period - Shot by Matt Duchene.
15:33 of 2nd period - Shot Misses the Net.
16:40 of 2nd period - Shot by Tanner Glass.
16:40 of 2nd period - Shot Blocked by Alex Pietrangelo.
16:42 of 2nd period - Shot by Travis Hamonic.
16:42 of 2nd period - Shot Misses the Net.
17:13 of 2nd period - Erik Karlsson is hit by Cody Franson and loses puck.
17:29 of 2nd period - Icing by Dmitry Kulikov.
17:30 of 2nd period - Evgeny Kuznetsov wins face-off versus Beau Bennett in MapleLeafs zone.
17:51 of 2nd period - Shot by Evgeny Kuznetsov.
17:51 of 2nd period - Shot Misses the Net.
19:04 of 2nd period - Brandon Montour is hit by Logan Shaw and loses puck.
19:17 of 2nd period - Shot by Robby Fabbri.
19:17 of 2nd period - Stopped by Marc-Andre Fleury without a rebound.
19:18 of 2nd period - Adam Henrique wins face-off versus Ivan Barbashev in MapleLeafs zone.
19:34 of 2nd period - Adam Henrique is hit by Ivan Barbashev and loses puck.
19:46 of 2nd period - Icing by Chris Kreider.
19:47 of 2nd period - Nazem Kadri wins face-off versus Adam Henrique in Canucks zone.
Goals for this period are 0 for Canucks vs 0 for MapleLeafs.
Shots for this period are 13 for Canucks vs 8 for MapleLeafs.

3rd period


0:01 of 3rd period - Nazem Kadri wins face-off versus Evgeny Kuznetsov in neutral zone.
0:17 of 3rd period - Shot by Nazem Kadri.
0:17 of 3rd period - Stopped by Petr Mrazek without a rebound.
0:18 of 3rd period - Craig Smith wins face-off versus Adam Henrique in Canucks zone.
0:48 of 3rd period - Shot by Jonathan Marchessault.
0:48 of 3rd period - Deflect By Chris Kreider.
0:48 of 3rd period - Stopped by Marc-Andre Fleury without a rebound.
0:49 of 3rd period - Evgeny Kuznetsov wins face-off versus Nazem Kadri in MapleLeafs zone.
0:55 of 3rd period - Icing by Nazem Kadri.
0:56 of 3rd period - Evgeny Kuznetsov wins face-off versus Nazem Kadri in MapleLeafs zone.
0:56 of 3rd period - Erik Karlsson is hit by Radko Gudas and loses puck.
1:02 of 3rd period - Minor Penalty to Radko Gudas for Holding.
1:03 of 3rd period - Evgeny Kuznetsov wins face-off versus Jason Chimera in MapleLeafs zone.
1:32 of 3rd period - Shot by Erik Karlsson.
1:32 of 3rd period - Stopped by Marc-Andre Fleury without a rebound.
1:33 of 3rd period - Adam Henrique wins face-off versus Beau Bennett in MapleLeafs zone.
1:51 of 3rd period - Shot by Adam Henrique.
1:51 of 3rd period - Shot Misses the Net.
1:53 of 3rd period - Shot by Jonathan Marchessault.
1:53 of 3rd period - Shot Misses the Net.
1:55 of 3rd period - Shot by Cody Ceci.
1:55 of 3rd period - Shot Misses the Net.
1:57 of 3rd period - Shot by Mattias Ekholm.
1:57 of 3rd period - Deflect By Adam Henrique.
1:57 of 3rd period - Stopped by Marc-Andre Fleury with a rebound.
1:59 of 3rd period - Shot by Cody Ceci.
1:59 of 3rd period - Shot Misses the Net.
2:01 of 3rd period - Shot by Mattias Ekholm.
2:01 of 3rd period - Goal by Mattias Ekholm - Canucks : 3 - MapleLeafs : 1.
2:02 of 3rd period - Peter Holland wins face-off versus Brayden Point in neutral zone.
2:02 of 3rd period - Peter Holland is hit by Evander Kane.
2:07 of 3rd period - Dmitry Kulikov is hit by Alex Pietrangelo and loses puck.
2:15 of 3rd period - Evander Kane is hit by Tanner Glass and loses puck.
3:05 of 3rd period - Shot by Matt Duchene.
3:05 of 3rd period - Stopped by Marc-Andre Fleury without a rebound.
3:06 of 3rd period - Nazem Kadri wins face-off versus Adam Henrique in MapleLeafs zone.
3:57 of 3rd period - Craig Smith is hit by Adam Henrique.
4:18 of 3rd period - Icing by Mattias Ekholm.
4:19 of 3rd period - Ivan Barbashev wins face-off versus Evgeny Kuznetsov in Canucks zone.
4:22 of 3rd period - Shot by Craig Smith.
4:22 of 3rd period - Stopped by Petr Mrazek without a rebound.
4:23 of 3rd period - Brayden Point wins face-off versus Nazem Kadri in Canucks zone.
6:11 of 3rd period - Shot by Adam Henrique.
6:11 of 3rd period - Stopped by Marc-Andre Fleury with a rebound.
6:45 of 3rd period - Shot by Robby Fabbri.
6:45 of 3rd period - Stopped by Marc-Andre Fleury without a rebound.
6:46 of 3rd period - Peter Holland wins face-off versus Brayden Point in MapleLeafs zone.
7:25 of 3rd period - Icing by Radko Gudas.
7:26 of 3rd period - Evgeny Kuznetsov wins face-off versus Peter Holland in MapleLeafs zone.
7:26 of 3rd period - Evgeny Kuznetsov is hit by Radko Gudas.
7:29 of 3rd period - Matt Duchene is hit by Radko Gudas and loses puck.
9:15 of 3rd period - Shot by Adam Henrique.
9:15 of 3rd period - Stopped by Marc-Andre Fleury without a rebound.
9:16 of 3rd period - Marcus Kruger wins face-off versus Peter Holland in MapleLeafs zone.
9:17 of 3rd period - Shot by Logan Shaw.
9:17 of 3rd period - Shot Misses the Net.
9:29 of 3rd period - Shot by Frederick Gaudreau.
9:29 of 3rd period - Deflect By Peter Holland.
9:29 of 3rd period - Stopped by Petr Mrazek without a rebound.
9:30 of 3rd period - Adam Henrique wins face-off versus Peter Holland in Canucks zone.
10:23 of 3rd period - Shot by Logan Shaw.
10:23 of 3rd period - Stopped by Marc-Andre Fleury without a rebound.
10:24 of 3rd period - Marcus Kruger wins face-off versus Ivan Barbashev in MapleLeafs zone.
10:49 of 3rd period - Shot by Ivan Barbashev.
10:49 of 3rd period - Shot Blocked by Alex Petrovic.
10:57 of 3rd period - Shot by Robby Fabbri.
10:57 of 3rd period - Shot Misses the Net.
11:04 of 3rd period - Icing by Antoine Roussel.
11:05 of 3rd period - Evander Kane wins face-off versus Beau Bennett in MapleLeafs zone.
11:20 of 3rd period - Shot by Brayden Point.
11:20 of 3rd period - Shot Blocked by Jason Demers.
11:56 of 3rd period - Alex Pietrangelo is hit by Nazem Kadri and loses puck.
12:37 of 3rd period - Shot by Matt Duchene.
12:37 of 3rd period - Stopped by Marc-Andre Fleury without a rebound.
12:38 of 3rd period - Nazem Kadri wins face-off versus Adam Henrique in MapleLeafs zone.
12:54 of 3rd period - Cody Franson is hit by Chris Kreider.
13:22 of 3rd period - Icing by Cody Franson.
13:23 of 3rd period - Evgeny Kuznetsov wins face-off versus Nazem Kadri in MapleLeafs zone.
13:39 of 3rd period - Icing by Cody Ceci.
13:40 of 3rd period - Evgeny Kuznetsov wins face-off versus Peter Holland in Canucks zone.
13:40 of 3rd period - Evgeny Kuznetsov is hit by Peter Holland.
15:07 of 3rd period - Icing by Erik Karlsson.
15:08 of 3rd period - Ivan Barbashev wins face-off versus Marcus Kruger in Canucks zone.
15:08 of 3rd period - Zach Bogosian is hit by Alex Pietrangelo and loses puck.
15:14 of 3rd period - Antoine Roussel is hit by Alex Pietrangelo and loses puck.
15:21 of 3rd period - Shot by Ivan Barbashev.
15:21 of 3rd period - Shot Misses the Net.
15:27 of 3rd period - Shot by Antoine Roussel.
15:27 of 3rd period - Stopped by Petr Mrazek without a rebound.
15:28 of 3rd period - Adam Henrique wins face-off versus Nazem Kadri in Canucks zone.
16:07 of 3rd period - Shot by Chris Kreider.
16:07 of 3rd period - Shot Blocked by Dmitry Kulikov.
16:36 of 3rd period - Chris Kreider is hit by Tanner Glass and loses puck.
16:48 of 3rd period - Frederick Gaudreau is hit by Patrick Marleau and loses puck.
18:05 of 3rd period - Shot by Ivan Barbashev.
18:05 of 3rd period - Shot Misses the Net.
18:45 of 3rd period - Shot by Peter Holland.
18:45 of 3rd period - Stopped by Petr Mrazek without a rebound.
18:46 of 3rd period - Ivan Barbashev wins face-off versus Evgeny Kuznetsov in Canucks zone.
18:57 of 3rd period - Radko Gudas is hit by Evgeny Kuznetsov.
18:58 of 3rd period - Minor Penalty to Radko Gudas for Delaying the game.
18:59 of 3rd period - Nazem Kadri wins face-off versus Evgeny Kuznetsov in MapleLeafs zone.
Goals for this period are 1 for Canucks vs 0 for MapleLeafs.
Shots for this period are 10 for Canucks vs 5 for MapleLeafs.